 Dungeon Crawl Stone Soup version 0.19.3-1-g3169bf9 (webtiles) character file.

100 Spawnferkel the Skirmisher (level 4, 0/50 HPs)
             Began as an Ogre Berserker on Jan 24, 2017.
             Was a Believer of Trog.
             Killed from afar by an orc wizard (5 damage)
             ... with a puff of frost
             ... on level 3 of the Dungeon.
             The game lasted 00:03:42 (2250 turns).

Spawnferkel the Skirmisher (Ogre Berserker)         Turns: 2250, Time: 00:03:42

Health: 0/50       AC:  3    Str: 22    XL:     4   Next: 73%
Magic:  4/4        EV: 10    Int:  6    God:    Trog [**....]
Gold:   79         SH:  0    Dex: 10    Spells: 0 memorised, 3 levels left

rFire  . . .     SeeInvis .     a - +0 mace
rCold  . . .     Gourm    .     b - +0 animal skin
rNeg   . . .     Faith    .     (no shield)
rPois  .         Spirit   .     (helmet restricted)
rElec  .         Reflect  .     (no cloak)
rCorr  .         Harm     .     (gloves unavailable)
MR     ++...                    (boots unavailable)
Stlth  +.........               (no amulet)
                                (no ring)
                                j - ring of wizardry

@: exhausted, regenerating, slowed, very slow
A: unfitting armour, tough skin 1
a: Berserk, Trog's Hand, Burn Spellbooks, Renounce Religion


You were on level 3 of the Dungeon.
You worshipped Trog.
Trog was pleased with you.
You were very hungry.

You visited 1 branch of the dungeon, and saw 3 of its levels.

You collected 79 gold pieces.

Notes
Turn   | Place    | Note
-------+----------+-------------------------------------------
     0 | D:1      | Spawnferkel the Ogre Berserker began the quest for the Orb.
     0 | D:1      | Reached XP level 1. HP: 24/24 MP: 1/1
   168 | D:1      | Reached XP level 2. HP: 28/32 MP: 2/2
   591 | D:1      | Reached XP level 3. HP: 40/40 MP: 3/3
  1029 | D:2      | Found a sparkling altar of Nemelex Xobeh.
  1923 | D:3      | Reached skill level 5 in Fighting
  1956 | D:3      | Reached skill level 5 in Maces & Flails
  1958 | D:3      | Reached ** piety under Trog
  1958 | D:3      | Reached XP level 4. HP: 34/50 MP: 4/4
  2250 | D:3      | Killed from afar by an orc wizard

Inventory:

Hand Weapons
 a - a +0 mace (weapon)
Missiles
 f - 7 needles of sleeping
 q - 15 poisoned needles
Armour
 b - a +0 animal skin (worn)
Jewellery
 j - a ring of wizardry (left hand)
 o - an uncursed ring of wizardry
 s - an uncursed ring of stealth {unknown}
Scrolls
 d - 2 scrolls of identify {unknown}
 e - a scroll of random uselessness {unknown}
 k - a scroll of fear {unknown}
 l - a scroll of amnesia {unknown}
Potions
 g - a potion of cancellation {unknown}
 m - a potion of berserk rage {unknown}
 n - a potion of ambrosia {unknown}
 p - a potion of degeneration {unknown}
Comestibles
 c - 2 bread rations
 h - a royal jelly
 i - a meat ration
 r - 2 chunks of flesh

Table legend:
 A = Turns spent in this place as a percentage of turns spent in the entire game.
 B = Non-inter-level travel turns spent in this place as a percentage of non-inter-level travel turns spent in the entire game.
 C = Inter-level travel turns spent in this place as a percentage of turns spent in this place.
 D = Turns resting spent in this place as a percentage of non-inter-level travel turns spent in this place.
 E = Turns spent auto-exploring this place as a percentage of non-inter-level travel turns spent in this place.
 F = Non-inter-level travel turns spent in this place divided by the number of levels of this place that you've seen.
                   A       B       C       D       E      F
               +-------+-------+-------+-------+-------+----------------------
         Total | 100.0 | 100.0 |   2.1 |   6.5 |  14.3 | 138.0
       Dungeon | 100.0 | 100.0 |   2.1 |   6.5 |  14.3 | 138.0
               +-------+-------+-------+-------+-------+----------------------


   Skills:
 * Level 5.4 Fighting
 * Level 5.3 Maces & Flails
 + Level 3.2 Dodging


You had 3 spell levels left.
You didn't know any spells.

Dungeon Overview and Level Annotations

Branches:
Dungeon (3/15)

Altars:
Nemelex Xobeh


Innate Abilities, Weirdness & Mutations

You are too large for most types of armour.
You have tough skin. (AC +1)


Message History

Your skin crawls.
You feel resistant to hostile enchantments.
You are feeling very hungry.
The orc wizard points at you and mumbles some strange words.
The puff of flame hits you!
* * * LOW HITPOINT WARNING * * *
The orc wizard hits you with a dagger.
* * * LOW HITPOINT WARNING * * *
The orc wizard hits you with a dagger.
* * * LOW HITPOINT WARNING * * *
You see here a bat corpse.
The orc wizard points at you and mumbles some strange words.
The puff of frost hits you!
* * * LOW HITPOINT WARNING * * *
The orc wizard casts a cantrip, but nothing happens.
The orc wizard mumbles some strange words.
The orc wizard flickers and vanishes!
The orc wizard points at you and mumbles some strange words.
The puff of frost hits you!
You die... #....... #...r.. ..go. #.# o{o

....# #{##....# .P.
#[##....# ..... ##
#o##....###..PP.##.
#.##........P......
##.@...........##...
#...................
#.........#.........
#.........# #......
#.........####......
#.........#.........
###....####.........
##....#............
#..................


You could see an orc wizard, an orc and a hobgoblin.

Table legend:
 A = Kills in this place as a percentage of kills in entire the game.
 B = Kills by you in this place as a percentage of kills by you in the entire game.
 C = Kills by friends in this place as a percentage of kills by friends in the entire game.
 D = Other kills in this place as a percentage of other kills in the entire game.
 E = Experience gained in this place as a percentage of experience gained in the entire game.
 F = Experience gained in this place divided by the number of levels of this place that you have seen.
                   A       B       C       D       E      F
               +-------+-------+-------+-------+-------+----------------------
         Total | 100.0 | 100.0 |  -nan |  -nan | 100.0 |  47.7
       Dungeon | 100.0 | 100.0 |  -nan |  -nan | 100.0 |  47.7
               +-------+-------+-------+-------+-------+----------------------

Vanquished Creatures
  An orc wizard (D:3)
  3 oozes
  A worm (D:2)
  2 dart slugs (D:1)
  2 leopard geckos
  7 orcs
  2 giant cockroaches (D:2)
  A goblin (D:1)
  4 hobgoblins
  2 jackals (D:3)
  5 kobolds
  A quokka (D:2)
  5 bats
  3 frilled lizards
  5 rats
44 creatures vanquished.

Action                   |  1- 3 |  4- 6 || total
-------------------------+-------+-------++-------
Melee: Mace              |   123 |    34 ||   157
Invok: Berserk           |     2 |     1 ||     3
       Trog's Hand       |       |     1 ||     1
 Stab: Sleeping          |     2 |       ||     2
  Eat: Chunk             |     4 |     2 ||     6
Armor: Animal skin       |    44 |     7 ||    51
Dodge: Dodged            |    72 |    12 ||    84
